 Dungeon Crawl Stone Soup version 0.30-a0-358-g0d69a1922f (webtiles) character file.

Game seed: 1016986654684409449

36 Muataran the Trooper (level 3, -5/40 HPs)
             Began as an Ogre Cinder Acolyte on Nov 8, 2022.
             Was a High Priest of Ignis.
             Slain by Terence
             ... wielding a +0 hand axe
              (7 damage)
             ... on level 2 of the Dungeon.
             The game lasted 00:02:14 (1232 turns).

Muataran the Trooper (Ogre Cinder Acolyte)          Turns: 1232, Time: 00:02:14

Health: -5/40      AC:  3    Str: 18    XL:     3   Next: 37%
Magic:  5/5        EV:  9    Int: 17    God:    Ignis [*****.]
Gold:   55         SH:  0    Dex:  4    Spells: 5/5 levels left

rFire   + + .      SeeInvis .    a - -1 mace (flame)
rCold   . . .      Faith    .    (no shield)
rNeg    . . .      Spirit   .    b - +0 robe
rPois   .          Reflect  .    (helmet restricted)
rElec   .          Harm     .    (no cloak)
rCorr   .          Rampage  .    (gloves unavailable)
Will    .....                    (boots unavailable)
Stlth   +.........               (no amulet)
HPRegen 0.26/turn                k - ring of protection from fire
MPRegen 0.09/turn                (no ring)

@: no status effects
A: large, unfitting armour, tough skin 1
a: Renounce Religion, Fiery Armour, Foxfire Swarm, Rising Flame


You were on level 2 of the Dungeon.
You worshipped Ignis.
Ignis was extremely pleased with you.
You visited 1 branch of the dungeon, and saw 2 of its levels.

You collected 55 gold pieces.

Inventory:

Hand Weapons
 a - a -1 mace of flaming (weapon)
Missiles
 j - 5 boomerangs (quivered)
Armour
 b - a +0 robe (worn)
Jewellery
 k - a ring of protection from fire (left hand)
Scrolls
 c - 2 scrolls of teleportation {unknown}
 d - 2 scrolls of noise {unknown}
 f - a scroll of identify {unknown}
 g - 2 scrolls of blinking {unknown}
 h - a scroll of fog {unknown}
Potions
 e - a potion of lignification {unknown}
 i - a potion of curing {unknown}
 l - a potion of haste {unknown}
 m - a potion of might {unknown}
 n - a potion of brilliance {unknown}


   Skills:
 + Level 4.4 Fighting
 * Level 3.2 Maces & Flails
 + Level 1.8 Spellcasting
 + Level 3.0 Fire Magic


You had 5 spell levels left.
You didn't know any spells.
Your spell library contained the following spells:

 Spells                   Type           Power      Damage    Failure   Level
 Scorch                   Fire           22%        2d6       9%          2


Dungeon Overview and Level Annotations

Branches:
Dungeon (2/15)

Altars:

Annotations:
D:2 Terence


Innate Abilities, Weirdness & Mutations

You are too large for most types of armour.
You have tough skin. (AC +1)


Message History

The endoplasm freezes you.
You are frozen.
You hit the endoplasm but do no damage.
The endoplasm is almost dead.
The endoplasm hits you but does no damage.
You hit the endoplasm. You burn the endoplasm.
You kill the endoplasm!
No target in view!
You now have 55 gold pieces (gained 8).
n - a coppery potion Terence the Incautious comes into view.
He is wielding a +0 hand axe and wearing a +1 ring mail of fire resistance.
Terence shouts!
Terence is nearby!
Terence is nearby!
Terence is nearby!
You closely miss Terence. Terence hits you with a +0 hand axe!
You sock Terence! You burn Terence.
Terence is heavily wounded.
Terence hits you with a +0 hand axe!
Terence asks, "Do you want it fast or slow?"
Terence hits you with a +0 hand axe!
You are too injured to fight recklessly!
You are too injured to fight recklessly!
You are too injured to fight recklessly!
Okay, then.
You hit Terence but do no damage.
Terence is heavily wounded.
Terence barely misses you.
You hit Terence but do no damage.
Terence is heavily wounded.
Terence hits you with a +0 hand axe!
* * * LOW HITPOINT WARNING * * *
You hit Terence but do no damage.
Terence is heavily wounded.
Terence hits you with a +0 hand axe!
* * * LOW HITPOINT WARNING * * *
You hit Terence but do no damage.
Terence is heavily wounded.
Terence hits you with a +0 hand axe!
You die...

........# ###.# ..
........#
########...# ..#
.........
#.........## .(.
#........
#####.......^.# ..
#####..#.
....#.........# .
#..
..#.............#.
####............#
##.........?##
#.@.......##
#@..=.......
#..........#.
....#########
...#. #.....
####.. ##.


You could see Terence.

Vanquished Creatures
  An adder (D:2)
  4 ball pythons (D:1)
  2 endoplasms
  6 giant cockroaches
  2 goblins (D:1)
  3 hobgoblins
  2 quokkas (D:1)
  A bat (D:1)
  3 frilled lizards (D:1)
24 creatures vanquished.

Notes
Turn   | Place    | Note
-------+----------+-------------------------------------------
     0 | D:1      | Muataran the Ogre Cinder Acolyte began the quest for the
                  | Orb.
     0 | D:1      | Reached XP level 1. HP: 24/24 MP: 2/2
   114 | D:1      | Reached XP level 2. HP: 32/32 MP: 4/4
  1034 | D:2      | Reached XP level 3. HP: 21/40 MP: 5/5
  1224 | D:2      | Noticed Terence
  1231 | D:2      | HP: 2/40 [Terence/+0 hand axe (7)]
  1232 | D:2      | Slain by Terence

Illustrated notes

Levels and vault maps discovered:
D:1:      minmay_arrival_five_plusses, layout_loops_corners,
          shapermc_ecumenical_altar_petra
D:2:      layout_rooms, minmay_tetromino_i2, uniq_jessica, uniq_robin,
          uniq_terence

Skill      XL: |  1  2 |
---------------+-------+-----
Maces & Flails | 3 |  3.2
Fire Magic     | 3 |  3.0
Fighting       | |  4.4
Spellcasting   | |  1.8

Action                   || total
-------------------------++-------
Melee: Mace              ||    85
Armor: Robe              ||    32
Dodge: Dodged            ||    46

Table legend: (Time is in decaauts)
 A = Elapsed time spent in this place.
 B = Non-inter-level travel time spent in this place.
 C = Inter-level travel time spent in this place.
 D = Time resting spent in this place.
 E = Time spent auto-exploring this place.
 F = Levels seen in this place.
 G = Mean time per level.
                   A        B        C        D        E       F      G
               +--------+--------+--------+--------+--------+-----+--------+
         Total |   1252 |   1160 |     92 |      0 |    963 |   2 |  626.0 |
       Dungeon |   1252 |   1160 |     92 |      0 |    963 |   2 |  626.0 |
               +--------+--------+--------+--------+--------+-----+--------+

Top non-repeatable levels by time:
     D:1: 1038 daAuts
     D:2: 214 daAuts
